 Dungeon Crawl Stone Soup version 0.30-a0-371-gad7725a93e (webtiles) character file.

Game seed: 11000447045618126633

520749 Bnni the Grim Reaper (level 27, -6/160 (164) HPs)
             Began as a Formicid Fighter on Nov 22, 2022.
             Was an Initiate of Yredelemnul.
             Mangled by a large abomination (20 damage)
             ... on level 5 of the Abyss.
             The game lasted 03:08:37 (59975 turns).

Bnni the Grim Reaper (Formicid Fighter)            Turns: 59975, Time: 03:08:37

HP:   -6/160 (164)  AC: 32    Str: 37    XL:     27
MP:   28/28         EV:  7    Int: 18    God:    Yredelemnul [......]
Gold: 6788          SH: 22    Dex: 10    Spells: 5/38 levels left

rFire   + + +      SeeInvis +    a - +7 bardiche (flame)
rCold   . . .      Faith    +    h - +2 tower shield
rNeg    + + +      Spirit   .    T - +6 crystal plate armour of the Bashing Gods {Rampage Str+3}
rPois   +          Reflect  .    (helmet unavailable)
rElec   +          Harm     .    J - +2 ratskin cloak {*Rats rPois rN+ Str-1 Int-1 Dex+1}
rCorr   .          Rampage  +    w - +1 pair of gloves {Str+3}
Will    +....                    A - +2 pair of boots {rampage}
Stlth   ..........               S - amulet "Halain" {Faith rF+ Int+5}
HPRegen 0.46/turn                B - ring "Oproyphe" {rElec rPois rC++ rN+ Int-3}
MPRegen 0.21/turn                Y - ring "Racees" {rF++ rN++ Will- Str+6}

@: flying, studying Staves, lightly drained, unable to drink
A: permanent stasis, dig shafts and tunnels, antennae 3, four strong arms,
deformed body, [clumsy 2], [frail 3], [low MP 3], [cold vulnerability 2],
[subdued magic 3], [inability to drink after injury 2]
}: 2/15 runes: decaying, gossamer
a: Dig, Shaft Self, Renounce Religion, Recall Undead Harvest


You were on level 5 of the Abyss.
You worshipped Yredelemnul.
Yredelemnul was exalted by your worship.
You visited 11 branches of the dungeon, and saw 50 of its levels.
You visited the Abyss 3 times.
You visited 1 bazaar.

You collected 8283 gold pieces.
You spent 1495 gold pieces at shops.

Inventory:

Hand Weapons
 a - a +7 bardiche of flaming (weapon)
 e - a +2 bardiche of electrocution
Missiles
 g - 41 boomerangs
 i - 5 silver javelins
 p - 7 silver boomerangs
 F - 3 throwing nets (quivered)
 I - 2 curare-tipped darts
 V - 11 javelins
Armour
 h - a +2 tower shield (worn)
 w - a +1 pair of gloves of strength (worn)
 A - a +2 pair of boots of rampaging (worn)
 J - the +2 ratskin cloak (worn) {*Rats rPois rN+ Str-1 Int-1 Dex+1}
   (You found it on level 8 of the Dungeon)

   When the wearer is hurt, rats may emerge from it to assist them.
   Str:       It affects your strength (-1).
   Int:       It affects your intelligence (-1).
   Dex:       It affects your dexterity (+1).
   rPois:     It protects you from poison.
   rN:        It protects you from negative energy.
 T - the +6 crystal plate armour of the Bashing Gods (worn) {Rampage Str+3}
   (You acquired it on level 4 of the Lair of Beasts)

   Str:       It affects your strength (+3).
   Rampage:   It bestows one free step when moving towards enemies.
Jewellery
 y - the macabre finger necklace {rN+}
   (You took it off a deep elf demonologist on level 3 of the Elven Halls)

   [amulet of nothing]

   It enables you to equip an extra ring.
   rN:        It protects you from negative energy.
 B - the ring "Oproyphe" (left hand) {rElec rPois rC++ rN+ Int-3}
   (You bought it in a shop on level 2 of the Orcish Mines)

   [ring of positive energy]

   Int:       It affects your intelligence (-3).
   rC:        It greatly protects you from cold.
   rElec:     It insulates you from electricity.
   rPois:     It protects you from poison.
   rN:        It protects you from negative energy.
 S - the amulet "Halain" (around neck) {Faith rF+ Int+5}
   (You took it off a deep elf blademaster on level 3 of the Elven Halls)

   [amulet of faith]

   It allows you to gain divine favour quickly.
   Int:       It affects your intelligence (+5).
   rF:        It protects you from fire.
 U - the ring "Ceazxosi" {rN+ rCorr}
   (You bought it in a shop on level 1 of the Elven Halls)

   [ring of positive energy]

   rN:        It protects you from negative energy.
   rCorr:     It protects you from acid and corrosion.
 Y - the ring "Racees" (right hand) {rF++ rN++ Will- Str+6}
   (You took it off a deep elf death mage on level 3 of the Elven Halls)

   [ring of strength]

   Str:       It affects your strength (+6).
   rF:        It greatly protects you from fire.
   rN:        It greatly protects you from negative energy.
   Will:      It decreases your willpower.
Wands
 r - a wand of polymorph (8)
 t - a wand of quicksilver (24)
 z - a wand of digging (2)
 E - a wand of flame (46)
 L - a wand of iceblast (27)
Scrolls
 b - 9 scrolls of enchant armour
 c - 3 scrolls of fear
 l - 5 scrolls of fog
 m - 8 scrolls of magic mapping
 v - 4 scrolls of amnesia
 C - 7 scrolls of poison
 D - 13 scrolls of vulnerability
 K - 7 scrolls of immolation
 Q - a scroll of silence
Potions
 f - 3 potions of magic
 j - 3 potions of resistance
 n - 12 potions of lignification
 o - 9 potions of mutation
 u - 6 potions of curing
 x - 5 potions of ambrosia
 G - 6 potions of attraction
 H - a potion of flight
 M - 3 potions of cancellation
 O - 11 potions of might
 R - 3 potions of invisibility
Miscellaneous
 d - a phantom mirror


   Skills:
 + Level 23.1 Fighting
 - Level 24.0 Polearms
 + Level 15.3 Armour
 + Level 21.0 Shields
 - Level 6.3 Spellcasting
 - Level 8.0 Translocations
 - Level 3.0 Air Magic
 O Level 27 Invocations


You had 5 spell levels left.
You knew the following spells:

 Your Spells              Type           Power      Damage    Failure   Level
a - Apportation           Tloc           36%        N/A       3%          1
b - Death's Door          Necr           1%         N/A       100%        9
c - Anguish               Hex/Necr       1%         N/A       100%        4
d - Vhi's Electric Charg  Tloc/Air       26%        N/A       36%         3
e - Borgnjor's Revivific  Necr           1%         N/A       100%        8
f - Necromutation         Tmut/Necr      1%         N/A       100%        8

Your spell library contained the following spells:

 Spells                   Type           Power      Damage    Failure   Level
 Gell's Gravitas          Tloc           18%        N/A       12%         3
 Manifold Assault         Tloc           18%        N/A       41%         4
 Shock                    Conj/Air       20%        1d4       54%         1
 Portal Projectile        Hex/Tloc       20%        N/A       58%         3
 Kindle Blastsparks       Fire/Tloc/Air  18%        2d11      63%         3
 Poisonous Vapours        Pois/Air       10%        N/A       71%         2
 Static Discharge         Conj/Air       10%        2-3/arc   71%         2
 Foxfire                  Conj/Fire      12%        2x1d4     78%         1
 Kiss of Death            Conj/Necr      12%        2d6       78%         1
 Magic Dart               Conj           12%        1d3       78%         1
 Necrotise                Necr           12%        1d4       78%         1
 Sandblast                Erth           6%         2d5       78%         1
 Sting                    Tmut/Pois      12%        1d3       78%         1
 Summon Small Mammal      Summ           12%        N/A       78%         1
 Cigotuvi's Dreadful Rot  Necr/Pois/Air  8%         N/A       78%         2
 Call Imp                 Summ           3%         N/A       90%         2
 Ensorcelled Hibernation  Hex/Ice        6%         N/A       90%         2
 Passwall                 Tmut/Erth      2%         N/A       90%         2
 Scorch                   Fire           6%         2d5       90%         2
 Sublimation of Blood     Necr           3%         N/A       90%         2
 Mephitic Cloud           Conj/Pois/Air  4%         N/A       95%         3
 Iskenderun's Mystic Bla  Conj/Tloc      10%        2d4       95%         4
 Confusing Touch          Hex            3%         N/A       99%         3
 Hailstorm                Conj/Ice       3%         3d3       99%         3
 Ignite Poison            Fire/Tmut/Pois 3%         N/A       99%         3
 Inner Flame              Hex/Fire       3%         N/A       99%         3
 Ozocubu's Armour         Ice            3%         N/A       99%         3
 Stone Arrow              Conj/Erth      6%         3d7       99%         3
 Tukima's Dance           Hex            3%         N/A       99%         3
 Vampiric Draining        Necr           3%         2d6       99%         3
 Animate Armour           Summ/Erth      6%         N/A       100%        4
 Cause Fear               Hex            1%         N/A       100%        4
 Dispel Undead            Necr           3%         3d7       100%        4
 Fulminant Prism          Conj/Hex       1%         3d5       100%        4
 Ice Form                 Ice/Tmut       3%         N/A       100%        4
 Leda's Liquefaction      Hex/Erth       1%         N/A       100%        4
 Olgreb's Toxic Radiance  Pois           3%         N/A       100%        4
 Petrify                  Tmut/Erth      3%         N/A       100%        4
 Sticky Flame             Conj/Fire      3%         2d3       100%        4
 Summon Ice Beast         Ice/Summ       3%         N/A       100%        4
 Summon Lightning Spire   Summ/Air       5%         N/A       100%        4
 Agony                    Necr           3%         N/A       100%        5
 Alistair's Intoxication  Tmut/Pois      2%         N/A       100%        5
 Blade Hands              Tmut           1%         N/A       100%        5
 Borgnjor's Vile Clutch   Necr/Erth      1%         N/A       100%        5
 Fireball                 Conj/Fire      1%         3d3       100%        5
 Freezing Cloud           Conj/Ice/Air   2%         6-21      100%        5
 Irradiate                Conj/Tmut      1%         3d12      100%        5
 Iskenderun's Battlesphe  Conj           3%         2d6       100%        5
 Lee's Rapid Deconstruct  Erth           1%         3d4*      100%        5
 Lightning Bolt           Conj/Air       2%         1d14      100%        5
 Metabolic Englaciation   Hex/Ice        1%         N/A       100%        5
 Summon Forest            Summ/Tloc      5%         N/A       100%        5
 Yara's Violent Unravell  Hex/Tmut       1%         3d3       100%        5
 Conjure Ball Lightning   Conj/Air       2%         3x3d7     100%        6
 Dispersal                Tloc           9%         N/A       100%        6
 Eringya's Noxious Bog    Tmut/Pois      1%         N/A       100%        6
 Iron Shot                Conj/Erth      1%         9d1       100%        6
 Starburst                Conj/Fire      1%         6d3       100%        6
 Statue Form              Tmut/Erth      2%         N/A       100%        6
 Enfeeble                 Hex            1%         N/A       100%        7
 Malign Gateway           Summ/Tloc      5%         N/A       100%        7
 Orb of Destruction       Conj           1%         9d5       100%        7
 Ozocubu's Refrigeration  Ice            1%         4d7       100%        7
 Spellforged Servitor     Conj/Summ      1%         N/A       100%        7
 Storm Form               Tmut/Air       2%         N/A       100%        7
 Discord                  Hex            1%         N/A       100%        8
 Disjunction              Tloc           9%         N/A       100%        8
 Ignition                 Fire           1%         3d3       100%        8
 Lehudib's Crystal Spear  Conj/Erth      1%         10d2      100%        8
 Maxwell's Capacitive Co  Air            4%         ∞         100%        8
 Summon Horrible Things   Summ           1%         N/A       100%        8
 Polar Vortex             Ice            1%         N/A       100%        9
 Shatter                  Erth           1%         3d6*      100%        9
 Swiftness                Air            Unusable   N/A       N/A         3
 Animate Dead             Necr           Unusable   N/A       N/A         4
 Simulacrum               Ice/Necr       Unusable   N/A       N/A         6

Dungeon Overview and Level Annotations

Branches:
Dungeon (15/15)            Temple (1/1) D:4            Lair (5/5) D:11
  Swamp (4/4) Lair:2       Spider (4/4) Lair:2        Slime (5/5) Lair:4
    Orc (2/2) D:10            Elf (3/3) Orc:2        Vaults (4/5) D:13
  Crypt (3/3) Vaults:3       Tomb (0/3) Crypt:3      Depths (4/4) D:15
    Zot (0/5) Depths:4

Altars:
Ashenzari
Cheibriados
Dithmenos
Fedhas
Gozag
Hepliaklqana
Kikubaaqudgha
Makhleb
Nemelex Xobeh
Okawaru
Qazlal
Ru
Sif Muna
Vehumet
Wu Jian
Xom
Yredelemnul
Zin
The Shining One
Jiyva

Shops:
D:14 (   Orc:1 (=   Orc:2 =::(   Elf:1 ==:   Vaults:4 (   Depths:1 (

Portals:
Hell: Depths:1 Depths:2 Depths:3 Depths:4
Abyss: Depths:2 Depths:3 Depths:4
Pandemonium: Depths:1 Depths:2 Depths:4
Ziggurat: Depths:3
Trove: D:12 (give +3 gold dragon scales)

Annotations:
Elf:2 1 runed translucent door


Innate Abilities, Weirdness & Mutations

You cannot be hasted, slowed, berserked, paralysed or teleported.
You can dig through walls and to a lower floor.
You have a pair of large antennae on your head. (SInv)
Your four strong arms can wield two-handed weapons with a shield.
Armour fits poorly on your strangely shaped body.
[You are very clumsy. (Dex -4)]
[You are extremely frail. (-30% HP)]
[Your magical capacity is extremely low. (-30% MP)]
[You are very vulnerable to cold. (rC--)]
[Your spells are much easier to cast, but much less powerful.]
[You sometimes lose the ability to drink potions when taking damage.]


Message History

The wretched star pulses with an eldritch light!
Your connection to magic feels nearly dormant.
A smoke demon comes into view.
You hit the starcursed mass. You burn the starcursed mass.
The starcursed mass is heavily damaged.
The starcursed mass shudders and is absorbed by its neighbour.
A chorus of shrieks assaults your mind.
* * * LOW HITPOINT WARNING * * *
Unknown command.
You open the starcursed mass like a pillowcase!!!
You burn the starcursed mass!
You destroy the starcursed mass!
The starcursed mass touches you but does no damage.
The apocalypse crab breathes chaos at you.
The blast of chaos engulfs you but does no damage.
The wretched star glows turbulently.
You block the lance of force.
A starcursed mass splits.
You slash the starcursed mass! You burn the starcursed mass!
You destroy the starcursed mass!
A chorus of shrieks assaults your mind.
* * * LOW HITPOINT WARNING * * *
The large abomination hits you!!
* * * LOW HITPOINT WARNING * * *
Unknown command.
You feel better.
You block the starcursed mass's attack. x2
You hit the starcursed mass but do no damage.
The apocalypse crab completely misses you.
The apocalypse crab claws you but does no damage.
You block the large abomination's attack.
You block the starcursed mass's attack.
Unknown command.
You carve the starcursed mass like a ham!!!
You burn the starcursed mass.
You destroy the starcursed mass!
You block the starcursed mass's attack.
You block the apocalypse crab's attack. x2
A wretched star comes into view.
The large abomination hits you!!
You feel threatened and lose the ability to drink potions!
You die...
Your body rises from the dead as a mindless zombie.

. { # ## + ⌠P# .
. ..§ ... # ♣#♣#
.∩## # .
#.....###...##.
..#. ...#.*......
.#......
#.3...... . #...
{#§X§..... ##
...{X#@.....#. .
.. ...{{#tX§.....
. ..#
≈≈≈{*#§###### .
.#§≈n≈{{{§§..X.
....'Xw*≈.X......
...#│≈> .X...
..t. #...#.V≈≈..
.. .... #. ....
§.......... #.
... .. ..... . .


You could see a starcursed mass, 2 wretched stars, an apocalypse crab, a large
abomination and a smoke demon.

Vanquished Creatures
  A dread lich (Vaults:2)
  Khufu (Vaults:3)
  Mennas (Crypt:3)
  Mara (Swamp:4)
  An ancient lich (Crypt:3)
  Sojobo (Vaults:3)
  A royal mummy (Crypt:1)
  3 golden dragons
  2 bone dragons
  Jorgrun (Orc:1)
  2 tentacled monstrosities (Depths:4)
  3 liches
  A titan (Vaults:2)
  A deep elf master archer (Elf:3)
  9 acid blobs
  3 ancient champions
  A sphinx (Depths:3)
  7 tentacled starspawn
  2 thorn hunters
  3 fire giants
  3 storm dragons
  A tengu reaver (Depths:1)
  2 draconian monks (Depths:4)
  Roxanne (Swamp:3)
  A rockslime (Slime:1)
  A shadow dragon (Depths:4)
  A draconian knight (Depths:3)
  2 nagarajas (Depths:1)
  5 frost giants
  2 iron dragons
  A balrug (Depths:2)
  A revenant (Crypt:1)
  2 azure jellies
  2 deep elf sorcerers
  4 emperor scorpions (Spider:4)
  2 ghost moths (Spider:4)
  2 draconian shifters
  Louise (Elf:1)
  2 vault wardens (Vaults:2)
  A draconian scorcher (Depths:3)
  A cacodemon (Abyss:1)
  5 ghouls
  2 curse skulls (Crypt:2)
  4 draconian annihilators (Depths:4)
  22 very ugly things
  4 war gargoyles (Crypt:3)
  11 ironbound preservers
  A broodmother (Spider:4)
  A caustic shrike skeleton (Crypt:3)
  3 stone giants
  11 quicksilver oozes
  A starflower (Abyss:5)
  2 ironbound thunderhulks
  A reaper (Crypt:2)
  7 vampire knights
  3 deep elf demonologists (Elf:3)
  A black draconian (Depths:4)
  6 green draconians (Depths:4)
  2 eleionomae (Swamp:4)
  3 red draconians (Depths:4)
  4 purple draconians (Depths:4)
  2 bunyips
  A white draconian (Depths:4)
  3 deep elf annihilators (Elf:3)
  6 dire elephants
  5 spark wasps
  9 ettins
  2 merfolk impalers
  5 crystal guardians
  3 deep elf death magi (Elf:3)
  4 eidola
  A spriggan zombie (Abyss:1)
  7 jiangshi
  4 yaktaur captains
  2 entropy weavers
  Erolcha (D:11)
  6 spriggan air magi
  8 great orbs of eyes
  9 hydras
  6 vault guards
  2 peacekeepers
  2 ogre magi (Orc:2)
  4 ice dragons
  A rakshasa (D:13)
  A jorogumo (Spider:4)
  2 ghost crabs
  A merfolk avatar (Lair:5)
  2 catoblepae
  3 boulder beetles
  7 centaur warriors
  16 dancing weapons
  3 deep troll earth magi
  11 two-headed ogres
  2 ironbound frosthearts
  A tengu warrior (D:13)
  An anaconda (Depths:1)
  2 alligators
  2 hell hogs (Abyss:5)
  A titan zombie (Crypt:3)
  5 vampire magi
  6 naga warriors (Depths:1)
  A quicksilver ooze zombie (Crypt:2)
  2 emperor scorpion zombies
  2 deep troll shamans (Depths:3)
  2 spriggan berserkers (Depths:1)
  17 hell knights
  A bennu skeleton (Crypt:2)
  A sun demon (Abyss:1)
  15 thrashing horrors
  12 deep elf knights
  2 iron trolls (Depths:1)
  A soul eater (Depths:2)
  5 wretched stars
  2 pharaoh ants
  2 shadow wraiths (Crypt:2)
  2 sixfirhies (Abyss:1)
  15 skeletal warriors
  28 deep trolls
  2 goliath frogs (Swamp:2)
  A death drake (Depths:4)
  7 swamp dragons
  A flayed ghost (Vaults:3)
  A spatial maelstrom (Abyss:5)
  A storm dragon skeleton (Crypt:3)
  5 deep elf archers
  4 steelbarb worms
  5 glowing orange brains
  A spriggan druid (Swamp:4)
  20 deep elf pyromancers
  A golden dragon zombie (Depths:1)
  4 orb spiders
  A bog body (Swamp:1)
  3 phantasmal warriors (Crypt:1)
  5 lindwurms
  2 wizards
  6 harpies
  4 necromancers
  3 orc knights
  3 ironbound convokers
  14 deep elf zephyrmancers
  A stone giant zombie (Vaults:3)
  A cyclops (D:11)
  An oklob plant (Lair:5)
  A salamander (Abyss:1)
  2 will-o-the-wisps (Swamp:3)
  23 ugly things
  11 wolf spiders
  An orc sorcerer (Orc:1)
  3 moths of wrath
  6 guardian serpents
  3 worldbinders (Abyss:5)
  3 manticores
  4 shining eyes
  An elephant (Lair:5)
  A dire elephant zombie (Crypt:3)
  A centaur zombie (Abyss:1)
  A rust devil (Depths:1)
  6 vault sentinels
  An eleionoma skeleton (Crypt:2)
  5 naga magi
  An apocalypse crab (Abyss:5)
  6 black mambas
  2 smoke demons (Abyss:1)
  2 gargoyles
  4 torpor snails (Lair:4)
  A dire elephant skeleton (Crypt:3)
  2 unseen horrors (Depths:4)
  4 rime drakes
  2 efreet
  7 cane toads
  A demonic crawler (Spider:1)
  An eye of devastation (Slime:4)
  2 yaktaur zombies (Vaults:3)
  2 freezing wraiths
  9 komodo dragons
  A komodo dragon (shapeshifter) (Elf:2)
  3 yaktaurs
  3 kobold demonologists
  2 tengu conjurers
  6 ancient zymes
  4 tyrant leeches
  An iron troll skeleton (Crypt:1)
  A polar bear (Lair:5)
  A tengu simulacrum (Depths:1)
  6 hornets
  6 trolls
  A wind drake (Lair:5)
  2 harpy skeletons
  15 raiju
  18 tarantellas
  44 slime creatures
  A blink frog (Lair:5)
  A fire dragon zombie (Crypt:3)
  A dream sheep (Lair:1)
  2 snapping turtles (Lair:5)
  Sigmund (D:5)
  8 jumping spiders
  2 ynoxinuls (Abyss:1)
  12 culicivoras
  12 flying skulls (Crypt:3)
  3 air elementals
  A spriggan (shapeshifter) (D:13)
  2 shadows
  32 starcursed masses
  3 wyverns
  21 yaks
  3 vampires
  4 spriggans
  11 water elementals
  7 wraiths
  A fire elemental (Elf:3)
  2 golden eyes (Slime:4)
  17 large abominations
  29 redbacks
  3 basilisks
  6 chaos spawn
  3 neqoxecs
  A steam dragon (Lair:5)
  11 vampire mosquitoes
  2 wargs (Orc:2)
  A naga (Depths:1)
  4 spatial vortices (Abyss:5)
  A glowing shapeshifter zombie (Depths:1)
  3 swamp worms
  An elf zombie (Elf:2)
  A naga zombie (Crypt:3)
  14 water moccasins
  2 sky beasts
  7 orc warriors
  A black bear (shapeshifter) (Elf:3)
  5 swamp drakes
  An elephant zombie (Crypt:1)
  19 small abominations
  3 black bears
  An ettin simulacrum (Abyss:1)
  13 ogres
  A blink frog zombie (Lair:5)
  A torpor snail zombie (Crypt:1)
  11 centaurs
  Blork the orc (D:5)
  A kobold brigand (D:11)
  4 earth elementals
  6 necrophages
  4 gnoll sergeants (D:8)
  4 scorpions
  7 bullfrogs
  10 wights
  2 killer bees (D:9)
  3 electric eels
  10 hounds
  A quasit (Abyss:1)
  2 iron imps (Abyss:1)
  Crazy Yiuf (D:7)
  8 orc priests
  A jelly (D:7)
  3 gnoll boudas
  2 iguanas
  10 orc wizards
  An ogre zombie (Crypt:1)
  5 adders
  30 gnolls
  A white imp (D:8)
  An ufetubus (D:7)
  A worm (D:3)
  5 dart slugs
  29 orcs
  4 bats
  4 endoplasms
  5 giant cockroaches
  6 goblins
  8 hobgoblins
  5 jackals (D:8)
  14 kobolds
  2 quokkas
  10 ball pythons
  4 frilled lizards
  5 rats
  A rat skeleton (Crypt:2)
  A briar patch (Swamp:4)
  A lurking horror (Abyss:1)
  5 starspawn tentacles
1296 creatures vanquished.

Vanquished Creatures (collateral kills)
  A royal mummy (Crypt:1)
  A golden dragon (Depths:4)
  Nikola (Spider:3)
  3 tentacled monstrosities
  Asterion (Spider:3)
  A deep elf master archer (Elf:3)
  2 quicksilver dragons (Depths:4)
  2 deep elf blademasters (Elf:3)
  4 acid blobs (Slime:5)
  The ghost of Apeheil the Alchemist, an adept HuAr of Ru (Spider:2)
  Gastronok (Lair:1)
  2 storm dragons (Depths:4)
  2 sphinxes
  2 shadow dragons (Depths:4)
  2 tengu reavers (Crypt:1)
  3 azure jellies (Slime:2)
  A draconian monk (Depths:4)
  4 rockslimes
  2 fire giants
  2 emperor scorpions (Spider:4)
  4 vault wardens
  A deep elf sorcerer (Vaults:2)
  A frost giant (Depths:3)
  3 ghost moths (Spider:4)
  Aizul (Spider:4)
  4 ironbound preservers
  2 orc warlords
  A draconian stormcaller (Depths:3)
  4 ghouls
  12 very ugly things
  A caustic shrike skeleton (Crypt:2)
  2 deep elf elementalists (Elf:3)
  2 quicksilver oozes
  A war gargoyle (Vaults:4)
  An ironbound thunderhulk (Vaults:3)
  3 vampire knights (Crypt:1)
  2 stone giants
  4 deep elf demonologists
  A starflower (Abyss:5)
  3 eleionomae
  2 white draconians (Depths:4)
  A green draconian (Depths:4)
  A deep elf annihilator (Elf:3)
  5 dire elephants
  4 bunyips (Swamp:4)
  2 ettins
  A purple draconian (Depths:4)
  3 red draconians (Depths:4)
  An eidolon (Crypt:1)
  2 merfolk impalers
  A quicksilver dragon zombie (Crypt:3)
  4 deep elf death magi (Elf:3)
  An acid blob zombie (Crypt:1)
  4 entropy weavers
  A fire dragon (Depths:4)
  Josephine (Orc:1)
  3 crystal guardians
  3 deep elf high priests
  A jiangshi (Depths:3)
  3 shambling mangroves (Swamp:4)
  3 great orbs of eyes
  2 ogre magi (D:15)
  A ghost crab (Swamp:4)
  A spriggan skeleton (Crypt:3)
  2 peacekeepers (Vaults:4)
  12 hydras
  An ice dragon (Depths:3)
  A spriggan air mage (Depths:4)
  5 vault guards
  2 centaur warriors (Vaults:2)
  2 ironbound frosthearts
  A jorogumo (Spider:2)
  A vampire mage (Crypt:2)
  4 alligators
  6 two-headed ogres
  3 boulder beetles
  A naga warrior (Depths:1)
  A tengu warrior (Depths:2)
  A thrashing horror (Abyss:5)
  A deep troll earth mage (Depths:3)
  3 hell hogs
  13 dancing weapons
  5 hell knights
  8 deep elf knights
  A spatial maelstrom (Abyss:5)
  Nergalle (Lair:2)
  2 wretched stars
  A pharaoh ant (Spider:4)
  6 goliath frogs
  A bunyip zombie (Abyss:1)
  A spriggan rider (Swamp:3)
  10 skeletal warriors
  A sea snake (Depths:1)
  29 deep trolls
  6 bog bodies
  3 steelbarb worms
  10 orb spiders
  2 flayed ghosts
  5 swamp dragons
  An orc knight (Vaults:1)
  3 spriggan druids
  7 deep elf archers
  6 lindwurms
  A lindwurm (shapeshifter) (Depths:1)
  6 phantasmal warriors
  6 necromancers
  A wizard (Vaults:2)
  11 deep elf zephyrmancers
  7 ironbound convokers
  2 harpies
  13 deep elf pyromancers
  2 cyclopes
  An orc sorcerer (Orc:1)
  5 will-o-the-wisps
  6 ugly things
  A cyclops (shapeshifter) (Vaults:2)
  13 wolf spiders
  A shining eye (Slime:4)
  3 eyes of devastation
  A manticore (Lair:5)
  A salamander (D:15)
  4 elephants (Lair:5)
  A black mamba (Lair:2)
  A centaur zombie (Crypt:3)
  A guardian serpent (Depths:1)
  2 vault sentinels (Vaults:2)
  An orange demon (Abyss:1)
  3 cane toads
  3 torpor snails
  A death yak zombie (Crypt:2)
  A naga skeleton (Crypt:3)
  2 demonic crawlers
  3 komodo dragons
  A human zombie (Vaults:3)
  A freezing wraith (Vaults:4)
  2 yaktaurs (Vaults:2)
  An ancient zyme (Abyss:1)
  A harpy zombie (Crypt:3)
  2 tengu conjurers
  5 trolls (Orc:2)
  3 blink frogs (Lair:5)
  5 tyrant leeches
  8 hornets
  28 slime creatures
  13 tarantellas
  2 dream sheep (Lair:1)
  A raiju (Abyss:5)
  21 flying skulls (Crypt:3)
  3 air elementals
  4 water elementals
  12 culicivoras
  6 elf zombies
  15 jumping spiders
  2 spriggans
  A wraith (Orc:1)
  A centaur simulacrum (D:15)
  A vampire (Crypt:1)
  A wyvern (Lair:5)
  19 yaks
  A fire elemental (Elf:2)
  3 large abominations
  14 golden eyes
  A basilisk (Lair:2)
  A neqoxec (Abyss:5)
  36 redbacks
  2 steam dragons
  3 vampire mosquitoes (Swamp:1)
  A deep troll zombie (Vaults:1)
  2 swamp worms (Swamp:3)
  An acid dragon (D:9)
  6 water moccasins
  A merfolk zombie (Crypt:1)
  A floating eye (Vaults:2)
  A merfolk skeleton (Crypt:2)
  3 orc warriors
  6 swamp drakes
  13 ogres
  2 centaurs
  A kobold brigand (D:8)
  4 bullfrogs
  A gnoll sergeant (D:8)
  2 necrophages
  A salamander skeleton (Crypt:1)
  An earth elemental (Elf:2)
  3 wights
  A polar bear zombie (Crypt:2)
  6 killer bees (D:9)
  2 small abominations (Abyss:1)
  A gnoll bouda (D:6)
  2 hounds (D:5)
  5 orc wizards
  A boggart skeleton (Crypt:2)
  A mummy (Crypt:1)
  An adder (D:6)
  6 gnolls
  A white imp (Abyss:1)
  2 ufetubi
  8 orcs
  A jackal (D:8)
  3 kobolds (D:9)
  9 briar patches
  2 fungi
  A lurking horror (Abyss:5)
  3 plants
  3 starspawn tentacles
744 creatures vanquished.

Vanquished Creatures (others)
  Margery (Vaults:2)
  A deep elf blademaster (Elf:3)
  A spectral rakshasa (Vaults:2)
  A nagaraja (Depths:1)
  A ghost moth (Spider:4)
  A deep elf elementalist (Elf:3)
  A war gargoyle (Vaults:3)
  A spectral golden dragon (Depths:4)
  A rockslime zombie (Slime:4)
  A white draconian (Depths:4)
  9 very ugly thing zombies
  A deep elf death mage (Elf:3)
  A quicksilver dragon zombie (Depths:4)
  An acid blob zombie (Slime:5)
  A spectral elf (Depths:2)
  An ironbound frostheart (Vaults:1)
  A hydra (Swamp:4)
  3 dancing weapons
  A deep troll earth mage (Vaults:2)
  A naga warrior (Depths:1)
  An azure jelly zombie (Slime:2)
  A spectral spriggan (Depths:4)
  A hell knight (Vaults:2)
  A spectral broodmother (Spider:3)
  A spectral centaur (Spider:1)
  3 quicksilver ooze zombies
  3 storm dragon zombies (Depths:4)
  A bunyip zombie (Swamp:3)
  A deep troll (Vaults:2)
  2 spark wasp zombies
  2 deep elf archers
  A lindwurm (Vaults:1)
  A goliath frog zombie (Swamp:4)
  2 wolf spider zombies
  An ironbound convoker (Vaults:1)
  10 deep elf pyromancers
  4 ugly thing zombies
  6 deep elf zephyrmancers
  2 draconian zombies (Depths:4)
  An iron dragon zombie (Depths:4)
  11 centaur zombies
  5 dire elephant zombies
  A white draconian zombie (Depths:4)
  A purple draconian zombie (Depths:4)
  3 spriggan zombies
  An unseen horror zombie (Depths:4)
  A rime drake (Depths:3)
  2 spectral glowing orange brains
  3 orb spider zombies
  17 redback zombies
  6 hydra zombies
  4 harpy zombies
  2 bloated husks (Swamp:1)
  A great orb of eyes zombie (Vaults:4)
  2 tyrant leeches (Spider:1)
  5 ettin zombies
  A spectral floating eye (Vaults:2)
  3 merfolk zombies
  5 culicivora zombies
  An ice dragon zombie (Depths:4)
  3 jumping spider zombies
  A black mamba zombie (Lair:1)
  A guardian serpent zombie (Depths:1)
  7 tarantella zombies
  A culicivora (shapeshifter) (Elf:2)
  A spriggan (Swamp:3)
  A fire elemental (Elf:2)
  A golden eye (shapeshifter) (D:13)
  10 slime creature zombies
  4 two-headed ogre zombies
  14 deep troll zombies
  19 human zombies
  3 ogre zombies
  3 entropy weaver zombies
  A snapping turtle zombie (Lair:5)
  A spectral eye of devastation (Slime:4)
  A spectral shining eye (Slime:4)
  14 elf zombies
  5 hornet zombies
  3 swamp dragon zombies (Swamp:4)
  A ghost crab zombie (Spider:1)
  4 elephant zombies (Lair:5)
  A blink frog zombie (Lair:5)
  10 spectral golden eyes
  5 vampire mosquito zombies
  3 rime drake zombies
  3 spectral chaos spawn (Abyss:5)
  2 spectral neqoxecs (Abyss:5)
  A komodo dragon zombie (Lair:5)
  3 yaktaur zombies
  An earth elemental (Elf:3)
  5 water moccasin zombies
  2 naga zombies
  5 yak zombies
  A polar bear zombie (Lair:5)
  5 raiju zombies (Abyss:5)
  A bullfrog zombie (Lair:3)
  A basilisk zombie (D:15)
  3 scorpion zombies
  4 killer bee zombies (D:9)
  A sky beast zombie (D:7)
  3 hound zombies
  A spectral quasit (Abyss:1)
  A steam dragon zombie (Lair:5)
  3 swamp drake zombies
  An adder zombie (Depths:1)
  A spectral iron imp (Abyss:1)
  A spectral white imp (D:8)
  A ball python zombie (Depths:1)
  10 gnoll zombies
  4 jackal zombies (D:8)
  5 kobold zombies
  8 orc zombies
  2 spectral ufetubi (D:7)
  A briar patch (Swamp:4)
  A demonic plant (Abyss:5)
  38 foxfires
  79 fungi
  A lurking horror (Abyss:3)
  220 plants
  39 starspawn tentacles
726 creatures vanquished.

Grand Total: 2766 creatures vanquished

Notes
Turn   | Place    | Note
-------+----------+-------------------------------------------
     0 | D:1      | Bnni the Formicid Fighter began the quest for the Orb.
     0 | D:1      | Reached XP level 1. HP: 18/18 MP: 1/1
    51 | D:1      | Reached XP level 2. HP: 24/24 MP: 2/2
   169 | D:1      | Reached XP level 3. HP: 28/29 MP: 3/3
   236 | D:1      | Found a faded altar of an unknown god.
   927 | D:2      | Reached XP level 4. HP: 26/37 MP: 4/4
  1636 | D:3      | Reached XP level 5. HP: 42/42 MP: 5/5
  2384 | D:4      | Reached skill level 5 in Shields
  2513 | D:4      | Found a staircase to the Ecumenical Temple.
  2521 | D:5      | Entered Level 5 of the Dungeon
  2521 | D:5      | Noticed Sigmund
  2529 | Temple   | Entered the Ecumenical Temple
  2543 | Temple   | Became a worshipper of Yredelemnul the Dark
  2881 | D:4      | Got the Catalogue of Conflict
  2934 | D:4      | Found a glowing golden altar of the Shining One.
  3134 | D:5      | Killed Sigmund
  3135 | D:5      | Reached XP level 6. HP: 33/49 MP: 6/6
  3239 | D:5      | Reached skill level 5 in Polearms
  3239 | D:5      | Found a hazy altar of Hepliaklqana.
  3281 | D:5      | Reached * piety under Yredelemnul
  3281 | D:5      | Reached XP level 7. HP: 54/55 MP: 7/7
  3309 | D:5      | Reached skill level 5 in Fighting
  3382 | D:5      | Noticed Blork the orc
  3392 | D:5      | Killed Blork the orc
  3392 | D:5      | Reached ** piety under Yredelemnul
  3522 | D:5      | Found a sparkling altar of Nemelex Xobeh.
  3525 | D:5      | Found a shimmering altar of Xom.
  3526 | D:5      | Found a shadowy altar of Dithmenos.
  3553 | D:5      | Found an iron altar of Okawaru.
  3741 | D:6      | Reached skill level 1 in Invocations
  3964 | D:6      | Reached XP level 8. HP: 61/63 MP: 7/9
  4100 | D:6      | Reached skill level 2 in Invocations
  4531 | D:7      | Reached skill level 3 in Invocations
  4716 | D:7      | Reached XP level 9. HP: 43/70 MP: 11/11
  4918 | D:7      | Found a runed translucent door.
  4919 | D:7      | Noticed Crazy Yiuf
  4926 | D:7      | Killed Crazy Yiuf
  4981 | D:7      | Your ally Crazy Yiuf died
  5001 | D:7      | Reached skill level 4 in Invocations
  5639 | D:8      | Noticed a hornet
  5652 | D:7      | Killed a hornet
  5721 | D:7      | Reached skill level 5 in Invocations
  6219 | D:8      | Reached XP level 10. HP: 54/79 MP: 14/14
  6399 | D:8      | Found the +2 ratskin cloak {*Rats rPois rN+ Str-1 Int-1
                  | Dex+1}
  6536 | D:8      | Identified a scroll of acquirement
  6864 | D:8      | Reached skill level 6 in Invocations
  7663 | D:9      | Reached skill level 10 in Polearms
  7665 | D:9      | Reached *** piety under Yredelemnul
  7855 | D:9      | Noticed a kobold demonologist
  7856 | D:9      | Noticed a kobold demonologist
  7860 | D:9      | Noticed a soul eater
  7865 | D:9      | Killed a kobold demonologist
  7866 | D:9      | Reached skill level 10 in Shields
  7876 | D:9      | Killed a kobold demonologist
  7877 | D:9      | Reached skill level 7 in Invocations
  7981 | D:9      | Acquired a +5 demon trident of draining
  8188 | D:9      | Found an ornate altar of the Wu Jian Council.
  8199 | D:9      | Reached XP level 11. HP: 83/87 MP: 16/16
  8301 | D:10     | Entered Level 10 of the Dungeon
  8481 | D:10     | Got Kouhuhu's Grimoire of Unified Geology
  8575 | D:10     | Found a snail-covered altar of Cheibriados.
  8588 | D:10     | Found a staircase to the Orcish Mines.
  8672 | D:10     | Noticed a two-headed ogre
  8678 | D:10     | Killed a two-headed ogre
  8679 | D:10     | Reached skill level 8 in Invocations
  9269 | D:11     | Noticed a cyclops
  9275 | D:11     | Found a staircase to the Lair.
  9281 | D:11     | Killed a cyclops
  9452 | D:11     | Noticed Erolcha
  9476 | D:11     | Killed Erolcha
  9912 | D:12     | Noticed a purple ugly thing
  9921 | D:12     | Killed a purple ugly thing
  9922 | D:12     | Reached skill level 9 in Invocations
 10002 | D:12     | Reached skill level 10 in Fighting
 10035 | D:12     | Reached **** piety under Yredelemnul
 10036 | D:12     | Reached XP level 12. HP: 97/97 MP: 18/18
 10150 | D:12     | Reached ***** piety under Yredelemnul
 10270 | D:12     | Found a portal to a secret trove of treasure.
 10304 | D:12     | Identified the +3 leather armour "Kysa" {rElec Regen+ rCorr
                  | Int+2}
 10457 | D:12     | Reached ****** piety under Yredelemnul
 10655 | D:13     | Noticed a catoblepas
 10664 | D:13     | Killed a catoblepas
 10797 | D:13     | Noticed a rakshasa
 10797 | D:13     | Noticed a centaur warrior
 10797 | D:13     | Noticed a two-headed ogre
 10797 | D:13     | Noticed a centaur warrior
 10803 | D:13     | Killed a two-headed ogre
 10804 | D:13     | Reached skill level 10 in Invocations
 10815 | D:13     | Killed a centaur warrior
 10815 | D:13     | Noticed a centaur warrior
 10817 | D:13     | Killed a centaur warrior
 10840 | D:13     | Killed a rakshasa
 11232 | D:13     | Noticed a centaur warrior
 11237 | D:13     | Killed a centaur warrior
 11343 | D:13     | Noticed a centaur warrior
 11351 | D:13     | Killed a centaur warrior
 11555 | D:13     | Noticed a tengu warrior
 11565 | D:13     | Killed a tengu warrior
 11566 | D:13     | Reached skill level 11 in Invocations
 11566 | D:13     | Reached XP level 13. HP: 68/106 MP: 21/21
 11808 | D:13     | Found a gate to the Vaults.
 11808 | D:13     | Noticed a vault guard
 11818 | D:13     | Killed a vault guard
 12132 | D:14     | Noticed a centaur warrior
 12139 | D:14     | Killed a centaur warrior
 12177 | D:14     | Noticed a centaur warrior
 12187 | D:14     | Killed a centaur warrior
 12311 | D:14     | Reached skill level 12 in Invocations
 12319 | D:14     | Found Carol's Antique Weapon Shop.
 12560 | D:14     | Found a shadowy altar of Dithmenos.
 13018 | D:14     | Found an opulent altar of Gozag.
 13068 | D:15     | Entered Level 15 of the Dungeon
 13157 | D:15     | Noticed a catoblepas
 13179 | D:15     | Killed a catoblepas
 13180 | D:15     | Reached skill level 13 in Invocations
 13199 | D:15     | HP: 5/109 [boulder beetle (12)]
 13293 | D:15     | Noticed an ogre mage
 13303 | D:15     | Killed an ogre mage
 13781 | D:15     | Noticed a dire elephant
 13785 | D:15     | Reached XP level 14. HP: 109/116 MP: 24/24
 13795 | D:15     | Killed a dire elephant
 13795 | D:15     | Enslaved a dire elephant
 13799 | D:15     | Reached skill level 14 in Invocations
 14035 | D:15     | Found a staircase to the Depths.
 14167 | D:15     | Reached skill level 15 in Polearms
 14507 | Lair:1   | Entered Level 1 of the Lair of Beasts
 14547 | Lair:1   | You fall into a shaft and drop 1 floor!
 14871 | Lair:1   | Reached skill level 15 in Invocations
 15056 | Lair:1   | Noticed Gastronok
 15066 | Lair:1   | Killed Gastronok
 16123 | Lair:2   | Found a hole to the Spider Nest.
 16254 | Lair:2   | Noticed Nergalle
 16261 | Lair:2   | Killed Nergalle
 16516 | Lair:2   | Reached skill level 16 in Invocations
 16850 | Lair:2   | Found a staircase to the Swamp.
 17479 | Lair:3   | Reached XP level 15. HP: 114/126 MP: 27/27
 17806 | Lair:4   | Identified the +7 long sword "Erchounua" {venom, Fly rElec
                  | Will- Str+6}
 17900 | Lair:4   | Found a snail-covered altar of Cheibriados.
 18017 | Lair:4   | Found a staircase to the Slime Pits.
 18018 | Lair:4   | Found a viscous altar of Jiyva.
 18127 | Lair:4   | Acquired the +6 crystal plate armour of the Bashing Gods
                  | {Rampage Str+3}
 18660 | Lair:5   | Entered Level 5 of the Lair of Beasts
 18681 | Lair:5   | Reached skill level 17 in Invocations
 18854 | Lair:5   | Identified the +9 rapier of Oenomania {drain, rPois}
 19366 | Lair:5   | Noticed Nessos
 19386 | Lair:5   | Killed Nessos
 19386 | Lair:5   | Enslaved Nessos
 19692 | Lair:5   | Reached skill level 18 in Invocations
 19955 | Orc:1    | Entered Level 1 of the Orcish Mines
 19955 | Orc:1    | Noticed Josephine
 19955 | Orc:1    | Found Giajul's Jewellery Boutique.
 19955 | Orc:1    | Found a radiant altar of Vehumet.
 19962 | Orc:1    | Killed Josephine
 20086 | Orc:1    | Noticed Jorgrun
 20104 | Orc:1    | Killed Jorgrun
 20105 | Orc:1    | Reached skill level 15 in Fighting
 20292 | Orc:1    | Found Eqean's Weapon Shop.
 20402 | Orc:2    | Entered Level 2 of the Orcish Mines
 20406 | Orc:2    | Found a staircase to the Elven Halls.
 20413 | Orc:2    | Found Qoemev's Book Boutique.
 20422 | Orc:2    | Noticed a stone giant
 20450 | Orc:2    | Killed a stone giant
 20451 | Orc:2    | Reached XP level 16. HP: 44/136 MP: 25/29
 20483 | Orc:2    | Found Xoyg's Jewellery Boutique.
 20485 | Orc:2    | Found Qevvu's Antique Weapon Shoppe.
 20491 | Orc:2    | Bought the ring "Oproyphe" {rElec rPois rC++ rN+ Int-3} for
                  | 642 gold pieces
 20519 | Orc:2    | Found Zodghy's Book Shop.
 20884 | Orc:2    | Reached skill level 19 in Invocations
 21200 | Spider:1 | Entered Level 1 of the Spider Nest
 21305 | Spider:1 | Your ally Nessos died
 21559 | Spider:1 | Noticed an emperor scorpion
 21572 | Spider:1 | Killed an emperor scorpion
 21572 | Spider:1 | Enslaved an emperor scorpion
 21634 | Spider:1 | Identified the +10 falchion of Checkmate {drain, rF+ SInv}
 22138 | Spider:2 | Reached skill level 20 in Invocations
 22260 | Spider:2 | Reached XP level 17. HP: 89/144 MP: 31/31
 22746 | Spider:2 | Found a runed translucent door.
 22747 | Spider:2 | Found a shimmering altar of Xom.
 22747 | Spider:2 | Noticed Apeheil's ghost (adept HuAr)
 22778 | Spider:2 | Killed Apeheil's ghost
 22931 | Spider:3 | Noticed Nikola
 22952 | Spider:3 | Killed Nikola
 22973 | Spider:3 | Noticed Asterion
 22981 | Spider:3 | Noticed an Executioner
 22989 | Spider:3 | Noticed an Executioner
 22991 | Spider:3 | Killed Asterion
 23409 | Spider:3 | Noticed Mlioglotl
 23884 | Spider:3 | Reached skill level 21 in Invocations
 24523 | Spider:3 | Noticed a tentacled starspawn
 24524 | Spider:3 | Noticed a Hell Sentinel
 24535 | Spider:3 | Killed Mlioglotl
 24535 | Spider:3 | Enslaved Mlioglotl
 24897 | Spider:4 | Entered Level 4 of the Spider Nest
 24954 | Spider:4 | Noticed Aizul
 24991 | Spider:4 | Killed Aizul
 25762 | Spider:4 | Reached XP level 18. HP: 130/154 MP: 0/32
 26104 | Spider:4 | Got a gossamer rune of Zot
 26282 | Swamp:1  | Entered Level 1 of the Swamp
 27302 | Swamp:2  | Noticed a tentacled monstrosity
 27311 | Swamp:2  | Killed a tentacled monstrosity
 27479 | Swamp:2  | Reached skill level 22 in Invocations
 28251 | Swamp:3  | Reached skill level 5 in Armour
 28662 | Swamp:3  | Identified Roxanne's Tome of the Boulder
 28662 | Swamp:3  | Noticed Roxanne
 28677 | Swamp:3  | Killed Roxanne
 28930 | Swamp:4  | Entered Level 4 of the Swamp
 29095 | Swamp:4  | Reached XP level 19. HP: 127/163 MP: 34/34
 29134 | Swamp:4  | Noticed Mara
 29142 | Swamp:4  | Noticed Bnni's illusion
 29523 | Swamp:4  | Got a decaying rune of Zot
 29617 | Swamp:4  | Noticed Bnni's illusion
 29672 | Swamp:4  | Killed Mara
 30377 | Elf:1    | Entered Level 1 of the Elven Halls
 30485 | Elf:1    | Found Doxonea's Jewellery Emporium.
 30487 | Elf:1    | Found Tideuwugg's Book Boutique.
 30488 | Elf:1    | Found Ablef's Jewellery Emporium.
 30527 | Elf:1    | Found a flickering gateway to a bazaar.
 30550 | Bazaar   | Entered a bazaar
 30710 | Bazaar   | Found Nalap's Antique Armour Shop.
 30727 | Bazaar   | Found Paetuit's Antique Weapon Shoppe.
 30746 | Bazaar   | Found Lynub's Assorted Antiques.
 30751 | Bazaar   | Bought a potion of heal wounds for 135 gold pieces
 30772 | Bazaar   | Bought a pair of embroidered gloves for 180 gold pieces
 30772 | Bazaar   | Bought a pair of glowing boots for 180 gold pieces
 30995 | Elf:1    | Noticed Louise
 31008 | Elf:1    | Killed Louise
 31555 | Elf:1    | Bought the ring "Ceazxosi" {rN+ rCorr} for 358 gold pieces
 31970 | Elf:2    | Reached XP level 20. HP: 159/172 MP: 35/35
 32389 | Elf:2    | Found a runed translucent door.
 32415 | Elf:2    | Found a runed translucent door.
 32722 | Elf:2    | Reached skill level 23 in Invocations
 33210 | Elf:3    | Entered Level 3 of the Elven Halls
 33675 | Elf:3    | Noticed a Hell Sentinel
 33824 | Elf:3    | Identified the amulet of Oenomania {Faith Dex+4}
 33826 | Elf:3    | Identified the +1 scale mail of Reason {rPois Str-5 Dex+4}
 33826 | Elf:3    | Identified the amulet "Halain" {Faith rF+ Int+5}
 33833 | Elf:3    | Noticed a Brimstone Fiend
 33848 | Elf:3    | Noticed an Ice Fiend
 34147 | Elf:3    | Noticed a Tzitzimitl
 34216 | Elf:3    | Identified the ring "Racees" {rF++ rN++ Will- Str+6}
 34524 | Elf:3    | Reached XP level 21. HP: 174/180 MP: 32/36
 34594 | Elf:3    | Identified the +2 sling "Ketsee Raph" {vorpal, rElec rPois
                  | rC- Dex+4}
 34651 | Elf:3    | Got the Commentary on Aerial Direction
 34658 | Elf:3    | Identified the +0 kite shield of Gehenna {+Blink rC+}
 34661 | Elf:3    | Got the Tractate on Combat Magic
 34974 | Vaults:1 | Entered Level 1 of the Vaults
 35821 | Vaults:1 | Reached skill level 10 in Armour
 36374 | Vaults:1 | Acquired 1013 gold pieces
 36924 | Vaults:2 | Noticed Margery
 36939 | Vaults:2 | Killed Margery
 36940 | Vaults:2 | Reached skill level 15 in Shields
 37379 | Vaults:2 | Your ally Mara died
 37568 | Vaults:2 | Identified the +6 arbalest of War {drain, Contam rN+++
                  | Str-5 Dex+4}
 37768 | Vaults:2 | Noticed a dread lich
 37778 | Vaults:2 | Killed a dread lich
 37779 | Vaults:2 | Reached XP level 22. HP: 104/190 MP: 23/37
 38292 | Vaults:2 | Noticed a golden dragon
 38303 | Vaults:2 | Killed a golden dragon
 38435 | Vaults:2 | Identified the ring "Panathunt" {Ice rElec rPois Str+3}
 39537 | Vaults:3 | Found a staircase to the Crypt.
 39961 | Vaults:3 | Learned a level 1 spell: Apportation
 40682 | Vaults:4 | Reached XP level 23. HP: 95/198 MP: 38/38
 42095 | Vaults:4 | Found Teal's Antique Weapon Shop.
 42458 | Depths:1 | Entered Level 1 of the Depths
 42586 | Depths:1 | Found Kuni's Weapon Boutique.
 43841 | Depths:1 | Found a gateway to Hell.
 44137 | Depths:1 | Found a one-way gate leading to the halls of Pandemonium.
 44240 | Depths:1 | Found a shimmering blue altar of Sif Muna.
 44799 | Depths:2 | Found a sacrificial altar of Ru.
 45024 | Depths:2 | Identified the amulet "Joedak" {Spirit rC+ Str+3}
 45500 | Depths:2 | Found a one-way gate to the infinite horrors of the Abyss.
 45704 | Depths:2 | Reached XP level 24. HP: 203/208 MP: 38/38
 46044 | Depths:3 | Found a one-way gateway to a ziggurat.
 46469 | Depths:3 | Reached skill level 24 in Invocations
 46931 | Depths:3 | Noticed a golden dragon
 46952 | Depths:3 | Killed a golden dragon
 46974 | Depths:3 | Got the Handbook of Airy Beckoning
 47208 | Depths:3 | Learned a level 3 spell: Vhi's Electric Charge
 47209 | Depths:4 | Entered Level 4 of the Depths
 47301 | Depths:4 | Reached skill level 1 in Translocations
 47454 | Depths:4 | Reached skill level 1 in Spellcasting
 47476 | Depths:4 | Reached skill level 1 in Air Magic
 48222 | Depths:4 | Noticed a golden dragon
 48232 | Depths:4 | Killed a golden dragon
 48233 | Depths:4 | Found a gate to the Realm of Zot.
 48283 | Depths:4 | Noticed a golden dragon
 48288 | Depths:4 | Killed a golden dragon
 48288 | Depths:4 | Enslaved a golden dragon
 48324 | Depths:4 | Identified the +1 cloak of Yngon {+Blink rPois Int-3
                  | Stlth-}
 48594 | Depths:4 | Reached XP level 25. HP: 213/216 MP: 39/39
 48644 | Depths:4 | Got the Directory of the Mutated Summer
 49421 | Depths:4 | Identified the amulet of Kizug {Spirit rF- Str+5}
 49813 | Slime:1  | Entered Level 1 of the Pits of Slime
 49913 | Slime:2  | Reached skill level 5 in Translocations
 50091 | Slime:3  | Reached skill level 25 in Invocations
 50253 | Slime:4  | Gained mutation: You are partially covered in large bone
                  | plates. (SH +4) [a shining eye]
 50256 | Slime:4  | Gained mutation: [You are frail. (-10% HP)] [a shining eye]
 50259 | Slime:4  | Gained mutation: Your spells are a little harder to cast,
                  | but a little more powerful. [a shining eye]
 50519 | Slime:5  | Entered Level 5 of the Pits of Slime
 50845 | Slime:5  | Learned a level 9 spell: Death's Door
 50850 | Slime:5  | Learned a level 4 spell: Anguish
 50859 | Slime:5  | Learned a level 8 spell: Borgnjor's Revivification
 50868 | Slime:5  | Learned a level 8 spell: Necromutation
 50994 | Slime:5  | Noticed the Royal Jelly
 51026 | Slime:5  | Killed the Royal Jelly
 51026 | Slime:5  | Enslaved the Royal Jelly
 51029 | Slime:5  | Found a viscous altar of Jiyva.
 51043 | Slime:5  | Found the +10 Black Knight's barding {ponderous, rPois rN+}
 51651 | Crypt:1  | Entered Level 1 of the Crypt
 51710 | Crypt:1  | Noticed a royal mummy
 51718 | Crypt:1  | Noticed Sojobo
 51719 | Crypt:1  | Noticed Khufu
 51964 | Vaults:3 | Killed Sojobo
 51965 | Vaults:3 | Reached skill level 5 in Spellcasting
 52187 | Crypt:1  | Noticed a royal mummy
 52475 | Vaults:3 | Killed Khufu
 52675 | Crypt:1  | Killed a royal mummy
 52687 | Crypt:1  | Killed a royal mummy
 52934 | Crypt:1  | Found an ancient bone altar of Kikubaaqudgha.
 52964 | Crypt:1  | Got the Handbook of Unhallowed Rites
 53835 | Crypt:2  | Reached XP level 26. HP: 203/203 MP: 39/39
 54865 | Crypt:3  | Entered Level 3 of the Crypt
 55455 | Crypt:3  | Identified the +0 rapier of Supply {speed, rN+ Will+ Str+6}
 55457 | Crypt:3  | Got the Secrets of Geological Snow
 55458 | Crypt:3  | Identified the +2 robe "Zilysyb" {+Blink Int+4}
 55480 | Crypt:3  | Noticed Mennas
 55495 | Crypt:3  | Reached skill level 26 in Invocations
 55500 | Crypt:3  | Killed Mennas
 55854 | Crypt:3  | Found a staircase to the Tomb.
 55912 | Crypt:3  | Noticed an ancient lich
 55913 | Crypt:3  | Found a basalt altar of Yredelemnul.
 55917 | Crypt:3  | Killed an ancient lich
 57763 | Depths:4 | Voluntarily entered the Abyss.
 57884 | Abyss:1  | Found a corrupted altar of Lugonu.
 58001 | Abyss:1  | HP: 10/204 [spriggan defender zombie (6)]
 58290 | Depths:4 | Escaped the Abyss
 58579 | Depths:4 | Voluntarily entered the Abyss.
 58671 | Abyss:2  | Found a candlelit altar of Ignis.
 58784 | Abyss:4  | Found a corrupted altar of Lugonu.
 58923 | Abyss:5  | Found a corrupted altar of Lugonu.
 58996 | Abyss:5  | Reached XP level 27. HP: 150/209 MP: 40/40
 59013 | Abyss:5  | Reached skill level 15 in Armour
 59049 | Abyss:5  | Found a corrupted altar of Lugonu.
 59080 | Abyss:5  | HP: 5/211 [smoke demon/divine providence (15)]
 59086 | Depths:4 | Escaped the Abyss
 59733 | Depths:4 | Lost mutation: You are partially covered in large bone
                  | plates. (SH +4) [potion of mutation]
 59733 | Depths:4 | Lost mutation: [You are frail. (-10% HP)] [potion of
                  | mutation]
 59733 | Depths:4 | Lost mutation: Your spells are a little harder to cast, but
                  | a little more powerful. [potion of mutation]
 59733 | Depths:4 | Gained mutation: [Your magical capacity is very low. (-20%
                  | MP)] [potion of mutation]
 59733 | Depths:4 | Lost mutation: [Your magical capacity is very low. (-20%
                  | MP)] [potion of mutation]
 59775 | Depths:4 | Voluntarily entered the Abyss.
 59828 | Abyss:5  | Reached skill level 27 in Invocations
 59930 | Abyss:5  | Gained mutation: Armour fits poorly on your strangely
                  | shaped body. [a neqoxec]
 59959 | Abyss:5  | HP: 9/188 [starcursed mass/accursed screaming (13)]
 59972 | Abyss:5  | HP: 4/160 [large abomination (22)]
 59975 | Abyss:5  | Mangled by a large abomination

Illustrated notes

Levels and vault maps discovered:
D:1:      wander_arrival_chamber, layout_basic,
          shapermc_ecumenical_altar_starsandcircs, minmay_hexomino_p4
D:2:      layout_loops_cross
D:3:      layout_loops_ring
D:4:      layout_gridville, mainiacjoe_overflow_tiny_flanked,
          minmay_temple_entry_statues_fountains
D:5:      layout_cave_pools, minitemple, mainiacjoe_overflow_chevrons,
          mainiacjoe_overflow_brackets, uniq_sigmund, uniq_blork_the_orc
D:6:      layout_gridville
D:7:      layout_basic, uniq_crazy_yiuf_cottage
D:8:      layout_cave_pools, serial_gnoll_camp, gnoll_camp_medium_02,
          gnoll_camp_mini_doghouse, gnoll_camp_mini_basic, gnoll_camp_huts_basic
D:9:      layout_irregular_city, lemuel_round_altar
D:10:     layout_basic, mainiacjoe_overflow_concentric_impassable,
          minmay_orc_entry_temple_small, chequers_serial_rivers_small_a,
          chequers_serial_rivers_micro_b
D:11:     layout_loops_ring, due_lair_maze_entry_diamond,
          chequers_serial_rivers_micro_e, serial_bayou_pond_a,
          minmay_misc_feat_tower, uniq_erolcha
D:12:     layout_stronghold, nicolae_trove_entry_crossroad,
          corexii_hall_statues_l
D:13:     layout_long_grid, david_vaults_5
D:14:     layout_basic, serial_shops, kennysheep_mini, grunt_gozag_breadcrumbs,
          nicolae_dithmenos_the_darkroom
D:15:     hangedman_depths_entry_try_elsewhere_first, layout_long_grid,
          nrook_pool_corridor
Temple:   nicolae_temple_two_arcs
Lair:1:   layout_regular_city, nicolae_lair_lindhole, grunt_megastairs_4,
          uniq_gastronok
Lair:2:   layout_regular_city, nicolae_swamp_entry_splash_gauntlet,
          spider_nest_entry_a, uniq_nergalle
Lair:3:   layout_chaotic_city, st_stairs_3, grunt_megastairs_3
Lair:4:   layout_cave_shapes, slime_entry_1, kennysheep_snail_temple
Lair:5:   gammafunk_lair_ancient_temple, layout_cave_pods, serial_bayou_lake_a,
          uniq_nessos
Swamp:1:  layout_basic_swamp, evilmike_swamp_ruin_rubble_1, swamp_pool2
Swamp:2:  layout_falls_marsh, evilmike_swamp_ruin_wall
Swamp:3:  layout_falls_marsh, evilmike_swamp_ruin_house_2, swamp_pool1,
          uniq_roxanne
Swamp:4:  swamp, layout_basic_swamp, uniq_mara
Spider:1: layout_spider_delve, nicolae_spider_swamp_cousins
Spider:2: layout_spider_delve, ebering_ghost_xom
Spider:3: layout_spider_delve, uniq_asterion, uniq_mlioglotl, uniq_nikola
Spider:4: grunt_spider_rune_circles, uniq_aizul
Slime:1:  layout_caves
Slime:2:  cheibrodos_slime_lost_civilization_9, layout_caves
Slime:3:  layout_caves
Slime:4:  layout_caves
Slime:5
Orc:1:    layout_caves, serial_shops, nicolae_shop_bloodbath_and_beyond,
          shop_statue, nicolae_shop_temple_entry_statues_fountains, basic_altar,
          uniq_jorgrun, uniq_josephine
Orc:2:    st_orc_open, layout_diamond_mine
Elf:1:    layout_loops_cross, serial_shops, bzr_in_the_mist,
          hangedman_elf_represent, minmay_shop_grove, uniq_louise
Elf:2:    elven_hall_of_blades_hangedman_original
          [nicolae_blade_entry_splitting_headache], layout_geoelf_octagon,
          minmay_misc_feat_cross
Elf:3:    elf_hall_gauntlet_narrow, layout_geoelf_grid, st_stairs_12
Vaults:1: hangedman_vaults_impose, grunt_vaults_focal, vaults_dpeg_encased_lava,
          grunt_vaults_hallway_short, vaults_room_fours, grunt_vaults_bifocal,
          nicolae_vaults_specimen_jars, ontoclasm_vaults_spin,
          ontoclasm_vaults_gallery, grunt_vaults_diagonal,
          nicolae_vaults_little_squares_4, layout_vaults_omnicross
Vaults:2: st_greater_box_1, vaults_mumra_minichess_inversion, vaults_dpeg_cross,
          hangedman_vaults_corner_blocks, ontoclasm_vaults_tryst,
          vaults_room_pools, nicolae_vaults_shelves_hall,
          nicolae_vaults_mini_display_case, nicolae_vaults_yaktaur_gun_rack,
          layout_vaults_chaotic_city, uniq_margery
Vaults:3: ontoclasm_vaults_gateway, vaults_room_stairs_pillars,
          nicolae_vaults_network_barrier, vaults_room_large_hall,
          minmay_crypt_entry_simple_statues, vaults_room_corners, v_misc_30,
          nicolae_vaults_big_ls, nicolae_vaults_network_periphery,
          vaults_room_pools, vaults_room_door_ring, layout_vaults_ring
Vaults:4: v_rooms_5, nicolae_vaults_little_ls, v_misc_13, vaults_dpeg_hooks,
          hangedman_vaults_impose, vaults_room_hallway, layout_vaults_omnigrid,
          serial_shops, shop
Crypt:1:  layout_rooms, weyrava_vampire_temple, grunt_crypt_arrival_split,
          uniq_sojobo, uniq_khufu
Crypt:2:  layout_regular_city, roderic_lattice_octagonal_star
Crypt:3:  cryptofortress_bobbens, uniq_mennas
Depths:1: layout_gridlike, rand_demon_pan_entry_9, serial_shops, shop,
          lemuel_blue_sif_altar, grunt_hell_entry_dis_mu,
          chequers_serial_rivers_room_b, roderic_roman_lattice,
          eino_small_chamber_without_monster, minmay_serpent_palace
Depths:2: grunt_twist_and_shout, layout_gridlike, hangedman_abyss_entry_splay,
          hangedman_ru_absence, rand_demon_pan_entry_3, hellmouth_1,
          uniq_josephina
Depths:3: gold_lair_mu, layout_twisted_cross, enter_ziggurat_e,
          kennysheep_boxes, abyss_entry, hell_entry, eino_curves_01,
          minmay_staircase_bubble
Depths:4: lemuel_castle_with_subvaults [lemuel_castle_interior_carwin_2],
          layout_gridlike, hangedman_tar_grid_catacomb, minmay_misc_feat_chi,
          pan_entry, minmay_room_of_horrors, serial_bayou, serial_bayou_pond_e,
          serial_bayou_shore_b, serial_bayou_ford_a, serial_bayou_lagoon_a
Abyss:5:  base: Depths:2, doesnt_abyss_rune_brain_food, base: D:4,
          hangedman_decor_lopped, spicy_abyss_rude_harpoons,
          spicy_pingpong_abyss_rune, hangedman_summoners_spam,
          spicy_abyss_rude_harpoons, spicy_pingpong_abyss_rune,
          evilmike_abyss_exit_9, hangedman_abyss_lost_library

Skill      XL: |  1  2  3  4  5  6  7  8  9 10 11 12 13 14 15 16 17 18 19 20 21 22 23 24 25 26 27 |
---------------+----------------------------------------------------------------------------------+-----
Polearms       | 3 4 5 6 7 8 10 12 14 15 16 17 18 19 20 21 22 23 24 | 24.0
Fighting       | 4 5 6 7 8 10 11 12 14 15 16 17 18 19 20 21 22 23 | 23.1
Shields        | 5 6 7 8 10 13 16 18 20 21 | 21.0
Invocations    | 1 3 5 7 9 11 13 16 18 20 21 22 23 24 25 26 27 | 27.0
Armour         | 5 8 9 10 12 13 14 15 | 15.3
Translocations | 4 7 8 |  8.0
Spellcasting   | 3 5 6 |  6.3
Air Magic      | 2 3 |  3.0

Action                   |  1- 3 |  4- 6 |  7- 9 | 10-12 | 13-15 | 16-18 | 19-21 | 22-24 | 25-27 || total
-------------------------+-------+-------+-------+-------+-------+-------+-------+-------+-------++-------
Melee: Trident           |   101 |   128 |   298 |   135 |       |       |       |       |       ||   662
       Spear             |       |       |       |   121 |       |       |       |       |       ||   121
       Demon trident     |       |       |       |   279 |   680 |   892 |   199 |       |       ||  2050
       Bardiche          |       |       |       |       |       |       |   486 |  1009 |  1016 ||  2511
       Long sword        |       |       |       |       |       |       |       |       |    14 ||    14
Throw: Throwing net      |       |       |     3 |     1 |     2 |     5 |     3 |       |       ||    14
       Dart              |       |       |     2 |     2 |       |     1 |       |       |       ||     5
       Javelin           |       |       |       |       |       |       |       |       |     2 ||     2
Invok: Recall Undead Har |       |       |       |     4 |     9 |    13 |    30 |    28 |     8 ||    92
       Bind Soul         |       |       |       |       |     3 |     4 |     2 |     5 |     3 ||    17
       Dark Bargain      |       |       |       |       |     1 |     6 |     9 |     6 |     2 ||    24
       Drain Life        |       |       |       |       |       |     1 |     6 |     9 |       ||    16
 Abil: Dig               |       |     2 |     1 |     2 |     1 |     1 |       |     4 |     3 ||    14
  Use: Scroll            |       |     7 |     1 |     6 |    10 |    10 |    10 |     4 |    10 ||    58
       Potion            |       |     1 |     1 |       |     5 |     1 |     9 |     4 |    26 ||    47
 Stab: Distracted        |       |       |     1 |     6 |     9 |    23 |    13 |    27 |    25 ||   104
       Held in net/web   |       |       |       |     1 |     1 |     1 |       |       |       ||     3
       Fleeing           |       |       |       |       |       |     5 |       |       |       ||     5
       Paralysed         |       |       |       |       |       |     3 |       |       |       ||     3
       Confused          |       |       |       |       |       |     2 |       |       |       ||     2
Armor: Scale mail        |    31 |     2 |       |       |       |       |       |       |       ||    33
       Plate armour      |       |    33 |       |       |       |       |       |       |       ||    33
       Chain mail        |       |    11 |   141 |   142 |   105 |       |       |       |       ||   399
       Crystal plate arm |       |       |       |       |    60 |   265 |   263 |   361 |   399 ||  1348
Dodge: Dodged            |    41 |    22 |    80 |    99 |    82 |    41 |    80 |   104 |   105 ||   654
Block: Buckler           |    18 |    11 |       |       |       |       |       |       |       ||    29
       Kite shield       |       |    22 |   154 |   226 |   227 |   445 |   378 |   140 |       ||  1592
       Reflection        |       |       |       |       |    10 |     6 |    43 |       |       ||    59
       Tower shield      |       |       |       |       |       |       |       |   463 |   852 ||  1315

Table legend: (Time is in decaauts)
 A = Elapsed time spent in this place.
 B = Non-inter-level travel time spent in this place.
 C = Inter-level travel time spent in this place.
 D = Time resting spent in this place.
 E = Time spent auto-exploring this place.
 F = Levels seen in this place.
 G = Mean time per level.
                   A        B        C        D        E       F      G
               +--------+--------+--------+--------+--------+-----+--------+
         Total |  59184 |  54948 |   4236 |  11375 |  31660 |  58 | 1020.4 |
       Dungeon |  15291 |  13860 |   1431 |   1530 |   9800 |  15 | 1019.4 |
        Temple |     24 |     15 |      9 |      0 |      4 |   1 |   24.0 |
          Lair |   5728 |   5152 |    576 |     95 |   4326 |   5 | 1145.6 |
         Swamp |   4056 |   3919 |    137 |   1108 |   1977 |   4 | 1014.0 |
   Spider Nest |   4861 |   4682 |    179 |   1532 |   1992 |   4 | 1215.2 |
    Slime Pits |   1512 |   1386 |    126 |    586 |      1 |   5 |  302.4 |
  Orcish Mines |   1125 |   1004 |    121 |    164 |    662 |   2 |  562.5 |
   Elven Halls |   4150 |   3969 |    181 |    764 |   2191 |   3 | 1383.3 |
        Vaults |   8664 |   7901 |    763 |   1988 |   4747 |   4 | 2166.0 |
         Crypt |   4129 |   3931 |    198 |   1402 |   1362 |   3 | 1376.3 |
        Depths |   8228 |   7716 |    512 |   1967 |   4406 |   4 | 2057.0 |
         Abyss |   1147 |   1147 |      0 |    237 |      0 |   7 |  163.9 |
        Bazaar |    265 |    265 |      0 |      0 |    190 |   1 |  265.0 |
               +--------+--------+--------+--------+--------+-----+--------+

Top non-repeatable levels by time:
Depths:4: 3290 daAuts
Vaults:2: 2967 daAuts
Vaults:3: 2388 daAuts
Depths:1: 1999 daAuts
Vaults:1: 1770 daAuts
   Elf:2: 1764 daAuts
Spider:3: 1738 daAuts
 Crypt:3: 1737 daAuts
    D:13: 1602 daAuts
     D:8: 1590 daAuts
Vaults:4: 1538 daAuts
    D:15: 1481 daAuts
Depths:2: 1477 daAuts
Depths:3: 1460 daAuts
  Lair:1: 1386 daAuts
